 Dungeon Crawl Stone Soup version 0.19.0-20-gbc5f0c6 (webtiles) character file.

2116 Malachi the Chiller (level 9, -7/62 HPs)
             Began as a Demonspawn Ice Elementalist on Nov 18, 2016.
             Was a Follower of Qazlal.
             Mangled by a hill giant
             ... wielding a +0 giant club
              (25 damage)
             ... on level 7 of the Dungeon.
             The game lasted 00:16:26 (8024 turns).

Malachi the Chiller (Demonspawn Ice Elementalist)   Turns: 8024, Time: 00:16:27

Health: -7/62      AC: 14    Str:  9    XL:     9   Next: 8%
Magic:  24/26      EV: 14    Int: 20    God:    Qazlal [*.....]
Gold:   285        SH:  2    Dex: 13    Spells: 2 memorised, 15 levels left

rFire  . . .     SeeInvis +     E - +1 flail (protect)
rCold  + . .     Gourm    .     N - +1 robe
rNeg   . . .     Faith    .     (no shield)
rPois  .         Spirit   .     k - +0 helmet
rElec  .         Reflect  .     (no cloak)
rCorr  .         Harm     .     (no gloves)
MR     .....                    (no boots)
Stlth  ++........               (no amulet)
                                H - ring of magical power
                                j - ring of see invisible

@: icy armour, slow
A: hooves 2, icy blue scales 3, spiny 2
a: Renounce Religion


You were on level 7 of the Dungeon.
You worshipped Qazlal.
Qazlal was aware of your devotion.
You were hungry.

You visited 2 branches of the dungeon, and saw 8 of its levels.

You collected 285 gold pieces.

Inventory:

Hand Weapons
 E - a +1 flail of protection (weapon)
Armour
 k - a +0 helmet (worn)
 N - a +1 robe (worn)
Jewellery
 f - an uncursed ring of teleportation
 i - an uncursed ring of protection from magic
 j - a ring of see invisible (left hand)
 s - an uncursed ring of positive energy
 H - a ring of magical power (right hand)
Wands
 w - a wand of teleportation (3/9)
 F - a wand of flame (23/48)
Scrolls
 e - a scroll of recharging
 g - 3 scrolls of remove curse
 h - 2 scrolls of fog
 l - 8 scrolls of identify
 m - a scroll of amnesia
 n - a scroll of fear
 x - a scroll of enchant weapon
 C - a scroll of teleportation
Potions
 p - 3 potions of curing
 r - 2 potions of agility {unknown}
 u - a potion of invisibility {unknown}
 z - a potion of brilliance {unknown}
 D - a potion of degeneration {unknown}
 G - a potion of haste {unknown}
 J - a potion of lignification {unknown}
 K - 2 potions of flight {unknown}
 L - a potion of cure mutation {unknown}
 M - a potion of heal wounds {unknown}
Books
 b - a book of Frost

   Spells                             Type                      Level
   a - Freeze                         Ice                          1
   b - Throw Frost                    Conjuration/Ice              2
   c - Ozocubu's Armour               Charms/Ice                   3
   d - Throw Icicle                   Conjuration/Ice              4
   e - Summon Ice Beast               Ice/Summoning                4
Comestibles
 a - 5 fruits
 c - 5 bread rations
 d - 5 meat rations
 q - a beef jerky
 I - a royal jelly


   Skills:
 + Level 2.6 Fighting
   Level 1.4 Short Blades
 + Level 4.2 Maces & Flails
   Level 0.6 Polearms
 + Level 4.1 Dodging
 + Level 3.3 Stealth
 + Level 0.5 Unarmed Combat
 + Level 5.7 Spellcasting
   Level 1.0 Conjurations
 + Level 2.2 Charms
 + Level 5.9 Ice Magic
 - Level 0.4 Evocations


You had 15 spell levels left.
You knew the following spells:

 Your Spells              Type           Power        Failure   Level  Hunger
a - Freeze                Ice            ####         1%          1    None
b - Ozocubu's Armour      Chrm/Ice       ###.....     8%          3    ##.....


Dungeon Overview and Level Annotations

Branches:
Dungeon (7/15)             Temple (1/1) D:5

Altars:
Cheibriados
Elyvilon
Gozag
Hepliaklqana
Nemelex Xobeh
Qazlal
Ru
Trog
Uskayaw
Yredelemnul

Shops:
D:5 :


Innate Abilities, Weirdness & Mutations

You have hoof-like feet.
You are completely covered in icy blue scales. (AC +4, rC+)
You are mostly covered in sharp spines.


Message History

You are feeling hungry.
You thump the hill giant!
Your weapon exudes an aura of protection.
You kick the hill giant.
The hill giant is lightly wounded.
The hill giant is struck by your spines.
The hill giant hits you with a giant club!!
Ouch! That really hurt!
Casting: Ozocubu's Armour
Confirm with . or Enter, or press ? or * to list all spells.
Aiming: Freeze
Press: ? - help, Shift-Dir - straight line, f - hill giant
Aim: a hill giant, wielding a giant club (moderately wounded)
You freeze the hill giant.
The hill giant is moderately wounded.
The hill giant hits you with a giant club!
* * * LOW HITPOINT WARNING * * *
There is an open door here.
The hill giant hits you with a giant club!!
You die...

#.#≈♣♣.♣♣≈# #)#≈♣.♣.♣≈###
#.'.)♣⌠♣..'.# #.#≈♣.♣.♣≈#.#
#.#≈♣♣.♣♣≈#.# #####.#≈≈≈.≈≈≈#.#
......####'####.#####
........#..# #.C...# ..........##
##@...# ........### ##.>##.#
........# ##..###.# ........#
###..## #.# .......## #...## #.#
... .......####.### #.# ## ...
............# ##.# ###. #.#
###..#####..### ##..# ###...##.##
.....####.....###..###......#...#


You could see a hill giant.

Vanquished Creatures
  A hungry ghost (D:7)
  Menkaure (D:6)
  An orc warrior (D:7)
  A sky beast (D:6)
  2 ice beasts
  3 centaurs (D:5)
  3 ogres
  2 howler monkeys (D:5)
  3 crimson imps
  A bullfrog zombie (D:5)
  4 hounds
  2 orc priests
  A bullfrog skeleton (D:7)
  A jelly (D:6)
  4 orc wizards
  2 iguanas (D:5)
  2 worker ants
  A hound zombie (D:6)
  A hound skeleton (D:4)
  A howler monkey skeleton (D:5)
  3 gnolls (D:2)
  11 adders
  An ooze (D:3)
  A worm (D:3)
  3 dart slugs
  5 leopard geckos
  24 orcs
  6 bats
  3 giant cockroaches
  13 hobgoblins
  21 jackals
  5 quokkas
  3 ball pythons
  3 frilled lizards
  5 goblins
  9 kobolds
  A leopard gecko skeleton (D:6)
  A quokka zombie (D:5)
  11 rats
166 creatures vanquished.

Notes
Turn   | Place    | Note
-------+----------+-------------------------------------------
     0 | D:1      | Malachi the Demonspawn Ice Elementalist began the quest for the Orb.
     0 | D:1      | Reached XP level 1. HP: 13/13 MP: 3/3
   336 | D:1      | Gained mutation: You are partially covered in sharp spines. [demonic ancestry]
   336 | D:1      | Reached XP level 2. HP: 12/19 MP: 0/5
  1381 | D:2      | Gained mutation: You are partially covered in icy blue scales. (AC +2) [demonic ancestry]
  1381 | D:2      | Reached XP level 3. HP: 23/24 MP: 3/6
  1858 | D:2      | Gained mutation: You are mostly covered in icy blue scales. (AC +3) [demonic ancestry]
  1858 | D:2      | Reached XP level 4. HP: 27/30 MP: 5/8
  2327 | D:3      | Found a faded altar of an unknown god.
  2330 | D:3      | Found a basalt altar of Yredelemnul.
  2415 | D:3      | Gained mutation: You have large cloven feet. [demonic ancestry]
  2415 | D:3      | Reached XP level 5. HP: 25/35 MP: 6/10
  2718 | D:3      | Found a bloodstained altar of Trog.
  3082 | D:4      | Noticed an ogre
  3090 | D:4      | Killed an ogre
  3090 | D:4      | Gained mutation: You are completely covered in icy blue scales. (AC +4, rC+) [demonic ancestry]
  3090 | D:4      | Reached XP level 6. HP: 7/42 MP: 3/12
  3735 | D:4      | Found a sacrificial altar of Ru.
  4138 | D:4      | Reached skill level 1 in Fighting
  4285 | D:4      | Reached skill level 5 in Ice Magic
  4571 | D:5      | Entered Level 5 of the Dungeon
  4721 | D:5      | Reached skill level 1 in Short Blades
  4721 | D:5      | Gained mutation: You are mostly covered in sharp spines. [demonic ancestry]
  4721 | D:5      | Reached XP level 7. HP: 41/48 MP: 6/13
  5052 | D:5      | Learned a level 3 spell: Ozocubu's Armour
  5329 | D:5      | Found a stormy altar of Qazlal.
  5330 | D:5      | Noticed a water elemental
  5330 | D:5      | Noticed a fire elemental
  5330 | D:5      | Noticed an air elemental
  5364 | D:5      | Found a hide-covered altar of Uskayaw.
  5366 | D:5      | Reached skill level 1 in Maces & Flails
  5833 | D:5      | Reached skill level 5 in Spellcasting
  5833 | D:5      | Reached skill level 1 in Charms
  5833 | D:5      | Reached XP level 8. HP: 56/56 MP: 12/15
  5977 | D:5      | Found a staircase to the Ecumenical Temple.
  6103 | D:5      | Found Alycla Lokk's Book Shop.
  6236 | Temple   | Entered the Ecumenical Temple
  6341 | D:5      | Became a worshipper of Qazlal Stormbringer
  6769 | D:6      | Noticed Menkaure
  6780 | D:6      | Killed Menkaure
  7314 | D:7      | Reached * piety under Qazlal
  7389 | D:7      | HP: 2/57 [ogre/giant club (28)]
  7470 | D:7      | Noticed a hill giant
  7504 | D:7      | Gained mutation: You have hoof-like feet. [demonic ancestry]
  7504 | D:7      | Reached XP level 9. HP: 34/62 MP: 17/17
  8024 | D:7      | Mangled by a hill giant

Skill      XL: |  1  2  3  4  5  6  7  8 |
---------------+-------------------------+-----
Ice Magic      | 3 4 5 |  5.9
Stealth        | 2 3 |  3.3
Dodging        | 2 4 |  4.1
Spellcasting   | 3 4 5 |  5.7
Fighting       | 1 2 |  2.6
Short Blades   | 1 |  1.4
Maces & Flails | 2 4 |  4.2
Charms         | 1 2 |  2.2
Polearms       | |  0.6
Unarmed Combat | |  0.5
Conjurations   | |  1.0
Evocations     | |  0.4

Action                   |  1- 3 |  4- 6 |  7- 9 || total
-------------------------+-------+-------+-------++-------
Melee: Unarmed           |    41 |    16 |       ||    57
       Short sword       |       |     6 |       ||     6
       Spear             |       |    15 |       ||    15
       Rapier            |       |     8 |       ||     8
       Kick              |       |     2 |    34 ||    36
       Mace              |       |     1 |       ||     1
       Flail             |       |       |   159 ||   159
 Cast: Freeze            |    40 |    97 |    11 ||   148
       Ozocubu's Armour  |       |       |    18 ||    18
Evoke: Wand              |       |       |     1 ||     1
  Use: Scroll            |     2 |     2 |     8 ||    12
       Potion            |       |       |     1 ||     1
 Stab: Sleeping          |     4 |     1 |       ||     5
       Distracted        |     1 |     1 |       ||     2
  Eat: Chunk             |     3 |     4 |    10 ||    17
       Bread ration      |       |     1 |       ||     1
       Fruit             |       |       |     2 ||     2
       Pizza             |       |       |     1 ||     1
Armor: Robe              |    12 |    32 |    69 ||   113
Dodge: Dodged            |    30 |    86 |   143 ||   259
Block: Other             |       |       |     1 ||     1
